Map: Simulacrum LE

Players

ViBE - Winner!

  • Race: Zerg Zerg
  • League: Silver
  • Spawn Location: 11:00

FreezaGG

  • Race: Terran Terran
  • Spawn Location: 5:00

VOD

Have the link to the VOD?

Description

Time

  • Played on: Dec. 5, 2019, 10 p.m.
  • Length: 14:19
Show
View Real Time Build Order
Export as new Build Order

ViBE Zerg - Winner!

Build Orders: Hatch First, Roach Hydra 

Get SALT Encoding   

  12  0:01  Drone  
  13  0:13  Overlord  
  13  0:18  Drone  
  14  0:31  Drone x2  
  14  0:35  Drone  
  17  0:54  Hatchery  
  16  0:58  Drone  
  16  1:01  Drone  
  18  1:15  Spawning Pool  
  18  1:18  Drone  
  18  1:22  Drone  
  19  1:28  Drone  
  20  1:34  Extractor  
  19  1:46  Overlord  
  19  1:53  Drone  
  20  2:03  Drone  
  20  2:04  Queen  
  20  2:06  Queen  
  25  2:16  Drone x2  
  27  2:24  Drone  
  27  2:25  Drone  
  29  2:33  Overlord  
  29  2:35  Drone  
  30  2:39  Drone  
  30  2:40  Lair  
  30  2:44  Queen  
  30  2:47  Drone  
  30  2:51  Drone  
  34  2:56  Drone  
  35  3:03  Overlord  
  35  3:05  Drone  
  36  3:12  Drone x4  
  40  3:17  Drone x4  
  44  3:21  Roach Warren  
  44  3:25  Drone  
  44  3:33  Drone  
  44  3:34  Drone  
  46  3:35  Extractor x2  
  46  3:41  Hatchery  
  43  3:48  Queen  
  43  3:51  Overlord  
  43  3:52  Overlord  
  45  3:58  Drone x4  
  49  4:03  Glial Reconstitution  
  49  4:08  Evolution Chamber  
  48  4:11  Drone  
  48  4:15  Roach x3  
  55  4:38  Drone  
  56  4:40  Roach x5  
  56  4:45  Zerg Missile Weapons Level 1  
  66  4:46  Overlord x3  
  66  4:58  Drone  
  66  4:59  Drone x7  
  74  5:07  Drone x4  
  78  5:30  Drone x2  
  78  5:31  Drone x6  
  78  5:34  Drone  
  78  5:35  Drone x6  
  93  5:47  Roach x3  
  96  5:54  Hydralisk Den  
  96  5:55  Extractor  
  96  5:56  Evolution Chamber, Overlord x2  
  87  5:57  Roach, Extractor  
  87  6:01  Hatchery  
  87  6:13  Drone  
  87  6:14  Drone x2, Queen  
  87  6:15  Extractor  
  87  6:16  Drone x3  
  87  6:18  Drone x3  
  97  6:40  Grooved Spines, Zerg Ground Armor Level 1  
  97  6:43  Zerg Missile Weapons Level 2  
  97  6:58  Drone x9  
  106  7:11  Hatchery  
  105  7:27  Hydralisk x9  
  105  7:29  Overlord x6  
  119  7:36  Overlord  
  119  7:37  Overlord x2  
  115  7:44  Hydralisk  
  115  7:45  Hydralisk x2  
  115  7:46  Hydralisk x3  
  115  7:52  Muscular Augments  
  115  7:56  Hydralisk x6  
  112  8:33  Hydralisk  
  112  8:34  Hydralisk x14  
  114  8:35  Hatchery  
  139  8:50  Queen  
  139  8:53  Drone  
  139  8:55  Infestation Pit  
  137  9:12  Drone x2  
  137  9:13  Drone x14  
  149  9:18  Extractor  
  149  9:19  Drone x3, Extractor  
  150  9:33  Overlord  
  150  9:34  Overlord x2  
  150  9:35  Zerg Ground Armor Level 2  
  150  9:36  Hydralisk x8  
  150  9:38  Overseer  
  166  9:42  Hive  
  166  9:50  Hydralisk x5  
  176  9:55  Hydralisk x2  
  180  10:00  Hydralisk x3  
  180  10:04  Hydralisk  
  180  10:05  Hydralisk x4  
  196  10:08  Hydralisk  
  196  10:12  Hydralisk  
  200  10:39  Hatchery  
  200  10:40  Drone x2  
  200  10:41  Drone  
  178  10:51  Hydralisk  
  178  10:52  Hydralisk x12  
  196  11:06  Hydralisk x5  
  194  11:25  Hydralisk x3  
Show
View Real Time Build Order
Export as new Build Order

FreezaGG Terran 

Build Orders: Reaper Expand 

Get SALT Encoding   

  12  0:01  SCV  
  13  0:13  SCV  
  14  0:21  Supply Depot  
  15  0:28  SCV  
  15  0:43  SCV  
  15  0:46  Barracks  
  16  0:55  Refinery  
  16  1:01  SCV  
  17  1:13  SCV  
  18  1:25  SCV  
  19  1:39  Command Center  
  19  1:40  Reaper  
  19  1:46  Orbital Command  
  20  2:11  Supply Depot  
  20  2:12  Marine  
  21  2:19  Factory  
  21  2:24  SCV  
  22  2:31  Marine  
  22  2:36  SCV  
  24  2:48  SCV, Marine  
  25  3:00  Orbital Command  
  25  3:01  SCV  
  25  3:05  Factory Tech Lab  
  26  3:06  Marine  
  26  3:09  Starport  
  27  3:14  SCV  
  27  3:15  Engineering Bay, Refinery  
  28  3:26  SCV  
  29  3:36  SCV  
  29  3:37  Barracks Reactor  
  29  3:40  Barracks  
  30  3:43  SCV  
  31  4:00  SCV x2  
  31  4:02  Siege Tank  
  35  4:14  Marine x2  
  35  4:16  Medivac  
  39  4:18  SCV x2  
  41  4:30  Barracks Tech Lab  
  41  4:33  SCV x2  
  41  4:37  Refinery  
  43  4:42  Marine  
  43  4:43  Marine  
  46  4:45  SCV  
  46  4:49  SCV, Cyclone  
  46  4:50  Supply Depot  
  46  4:51  Supply Depot  
  50  4:57  SCV  
  51  5:00  Marine x2  
  51  5:01  SCV  
  54  5:08  Stimpack  
  54  5:09  SCV  
  54  5:13  SCV  
  56  5:16  Marine  
  56  5:19  Marine x2  
  59  5:21  Siege Tank  
  59  5:22  SCV  
  59  5:25  SCV  
  64  5:34  SCV, Marauder  
  67  5:37  SCV  
  68  5:49  Marine  
  69  5:50  Marine  
  69  5:53  Siege Tank  
  69  5:55  Marauder  
  75  6:02  SCV x2  
  74  6:05  Medivac  
  74  6:07  Marine x2  
  76  6:17  Marauder  
  78  6:31  Command Center  
  78  6:44  Supply Depot  
  78  6:46  Supply Depot  
  78  7:05  Marine x3  
  78  7:06  SCV x2, Siege Tank  
  86  7:11  Supply Depot  
  86  7:12  Supply Depot  
  86  7:18  SCV x2  
  87  7:23  Marine x2  
  87  7:25  Medivac, Marine  
  92  7:35  Barracks  
  92  7:36  Barracks, Starport  
  92  7:40  Supply Depot  
  92  7:41  Siege Tank, Marine  
  92  7:42  Supply Depot, Marauder  
  92  7:43  SCV x2, Marine  
  100  7:44  Orbital Command  
  90  7:55  Viking  
  89  7:59  Marine  
  89  8:00  SCV  
  89  8:01  SCV, Marine  
  89  8:02  Marine  
  93  8:11  SCV  
  94  8:13  SCV x2, Siege Tank  
  94  8:17  Marine  
  94  8:19  Marine  
  101  8:20  Marine  
  101  8:25  Medivac  
  104  8:40  SCV x2  
  104  8:41  SCV, Marine  
  104  8:42  Marine  
  104  8:43  Marauder  
  104  8:46  Barracks Reactor, Siege Tank  
  104  8:47  Barracks Reactor  
  108  8:49  Starport Tech Lab  
  108  8:52  Terran Infantry Weapons Level 1  
  108  8:56  SCV x2  
  108  8:57  Armory, SCV  
  108  9:01  Refinery  
  111  9:05  Refinery  
  111  9:08  SCV, Starport Reactor  
  103  9:12  Raven  
  102  9:29  SCV  
  102  9:30  SCV x2, Marine x3  
  102  9:31  Marine x3  
  110  9:34  Siege Tank, Marauder  
  116  9:48  Marine x4  
  116  9:49  Marine x2  
  122  9:55  Liberator, Supply Depot, Marine  
  123  10:01  Supply Depot  
  123  10:06  Marine x6  
  128  10:10  Supply Depot  
  128  10:12  Medivac, Marine  
  128  10:13  Medivac  
  137  10:24  Marine x6  
  137  10:25  Terran Vehicle Weapons Level 1  
  143  10:29  Supply Depot  
  143  10:30  Marine  
  144  10:41  Marine  
  144  10:42  Medivac, Marine  
  109  10:53  Marine x5  
  104  10:59  Marine x2  
  104  11:01  SCV  
  104  11:02  SCV x2  
  98  11:05  Thor  
  98  11:10  Marine  
  98  11:11  Marine x4  
  87  11:14  SCV x2  
  87  11:17  Marine x2  
  78  11:28  Marine x2  
  78  11:29  Marine x3  
  77  11:35  Marine x2  
Tags
 
Add a new tag
Caveats
  • Supply blocks, unpowered buildings, or Contaminate may cause inaccurate times.
  • Supply counts are checked every 10 seconds.